 Dungeon Crawl Stone Soup version 0.29-a0-1027-gcd8c55af63 (webtiles) character file.

Game seed: 6733864200772049533

129 enile the Chiller (level 5, -5/45 HPs)
             Began as a Naga Ice Elementalist on Aug 13, 2022.
             Was a Believer of Kikubaaqudgha.
             Slain by a bullfrog (8 damage)
             ... in a sewer.
             The game lasted 00:06:58 (3907 turns).

enile the Chiller (Naga Ice Elementalist)           Turns: 3907, Time: 00:06:59

Health: -5/45      AC:  2    Str: 14 (16) XL:     5   Next: 12%
Magic:  9/9        EV:  9    Int: 16 (17) God:    Kikubaaqudgha [**....]
Gold:   159        SH:  0    Dex: 10 (12) Spells: 6/10 levels left

rFire   . . .      SeeInvis +   u - +0 dagger (speed)
rCold   . . .      Faith    .   (no shield)
rNeg    . . .      Spirit   .   a - +0 robe
rPois   +          Reflect  .   (no helmet)
rElec   .          Harm     .   (no cloak)
rCorr   .          Rampage  .   (no gloves)
Will    .....                   (no barding)
Stlth   ++........              (no amulet)
HPRegen 0.15/turn               k - +6 ring of strength
MPRegen 0.11/turn               (no ring)

@: about to teleport, very slow
A: AC +1, large, see invisible, deformed body, poison resistance, slowness 2,
spit poison 1, naga tail 1
a: Spit Poison, Renounce Religion, Unearth Wretches


You were in a sewer.
You worshipped Kikubaaqudgha.
Kikubaaqudgha was pleased with you.
You visited 1 branch of the dungeon, and saw 3 of its levels.
You also visited: Sewer.

You collected 159 gold pieces.

Inventory:

Hand Weapons
 e - a +0 long sword
 u - a +0 dagger of speed (weapon)
Armour
 a - a +0 robe (worn)
Jewellery
 k - a +6 ring of strength (left hand)
 q - an amulet of faith
Scrolls
 d - a scroll of teleportation
 f - a scroll of noise
 g - a scroll of silence
 i - a scroll of immolation {unknown}
 l - a scroll of poison {unknown}
 n - 2 scrolls of butterflies {unknown}
 o - a scroll of enchant weapon {unknown}
 p - 2 scrolls of identify {unknown}
 s - a scroll of amnesia {unknown}
Potions
 b - a potion of magic
 h - a potion of haste {unknown}
 j - a potion of degeneration
 m - a potion of lignification {unknown}
 t - a potion of berserk rage {unknown}


   Skills:
 - Level 2.0 Fighting
 - Level 1.5 Dodging
 - Level 3.0 Stealth
 - Level 3.0 Spellcasting
 + Level 3.1 Necromancy
 - Level 4.0 Ice Magic


You had 6 spell levels left.
You knew the following spells:

 Your Spells              Type           Power      Damage    Failure   Level
a - Freeze                Ice            60%        1d8       3%          1
b - Frozen Ramparts       Ice            30%        1d5       11%         3

Your spell library contained the following spells:

 Spells                   Type           Power      Damage    Failure   Level
 Necrotise                Necr           48%        1d6       5%          1
 Ozocubu's Armour         Ice            15%        N/A       11%         3
 Vampiric Draining        Necr           12%        2d6       16%         3
 Animate Dead             Necr           12%        N/A       45%         4
 Hailstorm                Conj/Ice       8%         3d4       63%         4
 Anguish                  Hex/Necr       3%         N/A       69%         4


Dungeon Overview and Level Annotations

Branches:
Dungeon (3/15)              Sewer (1/1)

Altars:
Kikubaaqudgha


Innate Abilities, Weirdness & Mutations

Your serpentine skin is tough. (AC +1)
You have supernaturally acute eyesight. (SInv)
Armour fits poorly on your strangely shaped body.
Your system is resistant to poisons. (rPois)
You cover ground very slowly.
You can spit poison.
You have a snake-like lower body.


Message History

A bullfrog comes into view.
The splash of poison hits the bullfrog.
The bullfrog is poisoned.
The bullfrog is lightly wounded.
The bullfrog hits you.
Okay, then.
You aren't carrying any items that you can evoke.
Okay, then.
Okay, then.
Okay, then.
Okay, then.
Okay, then.
Okay, then.
Why would you want to do that? The bullfrog hits you. x2
The bullfrog hits you but does no damage.
The bullfrog barely misses you. The bullfrog hits you.
You have got your breath back.
The bullfrog barely misses you. The bullfrog closely misses you.
The bullfrog hits you.
The bullfrog croaks.
The bullfrog looks more healthy.
The bullfrog hits you.
The bullfrog hits you but does no damage.
The bullfrog hits you! The bullfrog closely misses you.
Okay, then.
As you read the scroll of teleportation, it crumbles to dust.
You feel strangely unstable.
The bullfrog hits you but does no damage. x2
The bullfrog hits you.
Okay, then.
The bullfrog attacks as you move away! The bullfrog hits you.
* * * LOW HITPOINT WARNING * * *
The bullfrog hits you.
* * * LOW HITPOINT WARNING * * *
The bullfrog hits you but does no damage.
The bullfrog hits you.
* * * LOW HITPOINT WARNING * * *
The bullfrog hits you but does no damage.
The bullfrog closely misses you. The bullfrog hits you!
You die...
Kikubaaqudgha rasps: "You have failed me!
Welcome... death!"

#.~≈≈≈####≈≈≈≈≈≈
#~~≈≈≈##≈≈≈~≈≈≈≈
#~~≈≈≈#≈≈~~∩~≈≈≈
#.~≈≈≈≈≈≈≈~..~≈≈.~~≈≈
#~~≈~≈≈~≈≈.~..~??.~~≈
#~~≈~~~≈~≈≈...~$$$.≈≈
#~~≈~~≈≈≈~≈≈...~?.≈≈≈
#~~≈~F~≈≈≈~.~~~~~≈≈≈≈
#~~≈@F~≈≈≈≈~..~≈≈≈≈≈≈
#.~≈~.~≈≈≈≈≈≈≈≈≈≈≈≈≈~
#.~≈~.~≈≈≈≈≈~~≈≈≈≈≈≈≈
#.~≈~~..~~~~≈≈~≈~~...
#.~≈≈~~~~≈≈≈~~≈~~~~~~
#.~~≈≈≈≈≈≈≈≈≈≈≈≈≈≈≈≈≈
#..~~~~~~~~~~~~~~~~~~
##.............÷.....
####################


You could see 2 bullfrogs.

Vanquished Creatures
  2 adders
  2 river rats (D:3)
  2 worms (D:3)
  A dart slug (D:2)
  6 ball pythons
  8 endoplasms
  14 giant cockroaches (Sewer)
  6 goblins
  2 jackals (D:1)
  7 kobolds
  6 quokkas
  8 bats (D:1)
  11 frilled lizards
  6 rats
81 creatures vanquished.

Notes
Turn   | Place    | Note
-------+----------+-------------------------------------------
     0 | D:1      | enile the Naga Ice Elementalist began the quest for the
                  | Orb.
     0 | D:1      | Reached XP level 1. HP: 15/15 MP: 3/3
    47 | D:1      | Found a faded altar of an unknown god.
    87 | D:1      | Prayed at the altar of an unknown god.
    87 | D:1      | Became a worshipper of Kikubaaqudgha
    87 | D:1      | Reached * piety under Kikubaaqudgha
    87 | D:1      | Received a gift from Kikubaaqudgha
   161 | D:1      | Reached skill level 1 in Fighting
   261 | D:1      | Reached XP level 2. HP: 25/25 MP: 1/5
   685 | D:1      | Reached XP level 3. HP: 32/32 MP: 6/6
   939 | D:1      | Reached ** piety under Kikubaaqudgha
  1407 | D:1      | Learned a level 3 spell: Frozen Ramparts
  2980 | D:3      | Reached skill level 1 in Necromancy
  2988 | D:3      | Reached XP level 4. HP: 13/39 MP: 0/8
  3206 | D:3      | Found a glowing drain.
  3225 | Sewer    | Entered a sewer
  3698 | Sewer    | Reached XP level 5. HP: 45/45 MP: 9/9
  3907 | Sewer    | Slain by a bullfrog

Illustrated notes

Levels and vault maps discovered:
D:1:      nzn_arrival_depleted_hourglass, layout_basic,
          hellmonk_ecumenical_altar_leap_of_faith, minmay_statues_item,
          nrook_campfire
D:2:      layout_loops_corners, hangedman_glass_teeth, minmay_heptomino_o4
D:3:      layout_loops_corners, lightli_sewer_entry_pipes
Sewer:    sewer_frog_island_01

Skill      XL: |  1  2  3  4  5 |
---------------+----------------+-----
Fighting       | 1 2 |  2.0
Spellcasting   | 3 |  3.0
Necromancy     | 1 2 3 |  3.1
Dodging        | |  1.5
Stealth        | |  3.0
Ice Magic      | |  4.0

Action                   |  1- 3 |  4- 6 || total
-------------------------+-------+-------++-------
Melee: Long sword        |    46 |       ||    46
       Dagger            |     7 |    54 ||    61
 Cast: Freeze            |    46 |    14 ||    60
       Frozen Ramparts   |     3 |     8 ||    11
 Abil: Spit Poison       |     5 |    17 ||    22
  Use: Scroll            |     3 |     1 ||     4
       Potion            |       |     3 ||     3
 Stab: Sleeping          |     5 |       ||     5
Armor: Robe              |    27 |    18 ||    45
Dodge: Dodged            |    50 |    34 ||    84

Table legend: (Time is in decaauts)
 A = Elapsed time spent in this place.
 B = Non-inter-level travel time spent in this place.
 C = Inter-level travel time spent in this place.
 D = Time resting spent in this place.
 E = Time spent auto-exploring this place.
 F = Levels seen in this place.
 G = Mean time per level.
                   A        B        C        D        E       F      G
               +--------+--------+--------+--------+--------+-----+--------+
         Total |   4825 |   4547 |    278 |    120 |   3611 |   4 | 1206.2 |
       Dungeon |   4048 |   3770 |    278 |    120 |   3077 |   3 | 1349.3 |
         Sewer |    777 |    777 |      0 |      0 |    533 |   1 |  777.0 |
               +--------+--------+--------+--------+--------+-----+--------+

Top non-repeatable levels by time:
     D:2: 1953 daAuts
     D:1: 1733 daAuts
   Sewer: 777 daAuts
     D:3: 361 daAuts
